Map: Alcyone LE

Players

欲沐东湖 - Winner!

  • Race: Protoss Protoss
  • League: Master
  • Spawn Location: 7:00

电脑难度(新手)

  • Race: Terran Terran
  • Spawn Location: 1:00

VOD

Have the link to the VOD?

Description

Time

  • Played on: Oct. 31, 2023, 9:24 a.m.
  • Length: 9:12
Show
View Real Time Build Order
Export as new Build Order

欲沐东湖 Protoss - Winner!

Build Orders: 1 Gate Expand, Blink Stalkers, Colossus Rush 

Get SALT Encoding   

  12  0:00  Probe  
  13  0:13  Probe  
  14  0:17  Pylon  
  14  0:25  Probe  
  15  0:36  Gateway  
  15  0:37  Probe (Chrono Boost)  
  16  0:47  Assimilator, Probe (Chrono Boost)  
  17  0:52  Probe (Chrono Boost)  
  18  1:03  Probe  
  19  1:16  Probe  
  20  1:23  Cybernetics Core  
  20  1:36  Nexus, Probe  
  21  1:44  Pylon  
  21  1:48  Probe  
  21  1:51  Assimilator  
  22  1:59  Adept (Chrono Boost)  
  22  2:00  Warp Gate  
  22  2:03  Probe (Chrono Boost)  
  25  2:15  Probe (Chrono Boost)  
  26  2:22  Probe (Chrono Boost)  
  27  2:29  Twilight Council, Probe  
  27  2:34  Stalker  
  30  2:44  Probe (Chrono Boost)  
  31  2:48  Probe (Chrono Boost)  
  32  2:54  Gateway  
  32  2:57  Blink (Chrono Boost)  
  32  2:58  Probe x2 (Chrono Boost)  
  34  3:04  Probe  
  33  3:05  Probe  
  34  3:16  Probe  
  34  3:17  Probe  
  36  3:28  Robotics Facility, Probe  
  36  3:30  Probe  
  38  3:40  Probe  
  39  3:42  Probe  
  39  3:44  Nexus  
  40  3:50  Pylon  
  40  3:52  Probe, Stalker  
  40  3:55  Stalker  
  45  3:56  Probe  
  45  4:02  Assimilator  
  46  4:04  Assimilator  
  46  4:08  Probe x2  
  48  4:15  Observer  
  49  4:18  Stalker x2  
  49  4:20  Probe  
  54  4:28  Pylon  
  54  4:35  Forge  
  54  4:37  Robotics Bay  
  54  4:47  Observer, Probe x2 (Chrono Boost)  
  54  4:48  Pylon  
  57  4:56  Probe (Chrono Boost)  
  57  4:59  Probe (Chrono Boost)  
  60  5:04  Probe (Chrono Boost)  
  60  5:06  Protoss Ground Weapons Level 1 (Chrono Boost), Probe (Chrono Boost)  
  62  5:07  Probe (Chrono Boost)  
  62  5:11  Probe x2 (Chrono Boost)  
  64  5:15  Probe  
  64  5:19  Observer (Chrono Boost)  
  66  5:22  Probe  
  66  5:23  Probe  
  66  5:24  Gateway  
  66  5:27  Gateway, Probe  
  69  5:28  Extended Thermal Lance  
  69  5:33  Colossus (Chrono Boost)  
  69  5:34  Probe  
  69  5:35  Probe  
  77  5:39  Probe  
  77  5:40  Charge  
  78  5:43  Gateway  
  78  5:45  Gateway  
  78  5:46  Probe  
  78  5:47  Probe  
  78  5:49  Pylon  
  80  5:51  Probe  
  81  5:58  Probe  
  81  5:59  Nexus  
  81  6:01  Pylon  
  81  6:02  Probe  
  83  6:06  Probe  
  83  6:10  Gateway  
  84  6:16  Sentry, Gateway  
  84  6:18  Colossus (Chrono Boost)  
  92  6:19  Shield Battery  
  92  6:22  Sentry, Pylon  
  92  6:24  Probe  
  92  6:25  Probe  
  96  6:28  Pylon  
  96  6:33  Probe  
  96  6:36  Zealot  
  96  6:37  Zealot  
  101  6:42  Probe  
  101  6:43  Pylon  
  101  6:44  Probe  
  103  6:48  Robotics Facility  
  103  6:51  Zealot x2  
  103  6:52  Zealot x2  
  111  6:56  Probe x2  
  111  6:57  Pylon  
  111  6:58  Protoss Ground Weapons Level 2 (Chrono Boost)  
  111  6:59  Forge  
  113  7:01  Probe  
  113  7:08  Colossus, Probe x2  
  115  7:14  Shield Battery  
  115  7:15  Probe  
  123  7:16  Zealot  
  123  7:17  Photon Cannon  
  123  7:21  Zealot x4  
  133  7:32  Stalker x3  
  139  7:37  Probe  
  139  7:40  Probe  
  139  7:41  Pylon  
  141  7:46  Probe  
  141  7:49  Assimilator  
  141  7:50  Assimilator  
  142  7:51  Pylon  
  142  7:54  Colossus  
  142  7:56  Pylon  
  148  8:00  Pylon  
  148  8:03  Colossus (Chrono Boost)  
  154  8:08  Gateway  
  154  8:09  Zealot x5  
  154  8:11  Gateway  
  164  8:18  Zealot x3  
  170  8:20  Pylon  
  169  8:31  Nexus  
  169  8:33  Pylon, Probe  
  170  8:35  Dark Shrine  
  170  8:38  Stalker x6  
  182  8:45  Probe x2  
  182  8:46  Probe x2  
  190  8:56  Gateway  
  190  8:58  Probe  
  190  8:59  Probe  
  190  9:00  Photon Cannon  
  190  9:01  Gateway  
  192  9:02  Photon Cannon  
  192  9:04  Shield Battery  
  192  9:06  Photon Cannon  
  192  9:10  Assimilator  
  192  9:11  Pylon  
Show
View Real Time Build Order
Export as new Build Order

电脑难度(新手) Terran 

Build Orders:  

Get SALT Encoding   

  12  0:00  SCV  
  13  0:13  SCV  
  14  0:19  Supply Depot  
  14  0:37  Refinery  
  14  0:42  Barracks  
  14  1:02  Supply Depot  
  14  1:11  Refinery  
  14  1:29  Orbital Command, Marine  
  15  1:54  SCV  
  16  2:02  Marine  
  16  2:06  SCV  
  18  2:19  SCV  
  19  2:31  SCV  
  19  2:35  Marine  
  21  2:43  SCV  
  22  2:55  SCV  
  23  3:39  Marine  
  22  4:12  Marine  
  23  5:09  SCV  
  23  5:32  Marine  
  21  5:43  SCV  
  19  5:50  Factory  
  19  5:55  SCV  
  14  6:01  Marine  
  11  6:07  SCV  
  4  6:19  SCV  
  3  6:31  SCV  
  3  6:32  Marine  
  4  6:43  SCV, Starport  
  4  6:46  Supply Depot  
  5  6:55  SCV  
  6  7:01  Hellion  
  6  7:08  SCV  
  9  7:20  SCV  
  9  7:22  Starport Tech Lab  
  10  7:32  Marine, SCV  
  12  7:40  Raven  
  15  7:44  SCV  
  15  7:56  SCV  
  16  8:04  Marine  
  17  8:08  SCV  
  18  8:14  Raven, Command Center  
  20  8:20  SCV  
  20  8:25  Supply Depot  
  21  8:32  SCV  
  22  8:36  Marine  
  22  8:44  SCV  
  17  8:54  Barracks Tech Lab  
Tags
 
Composition
Blink Stalkers
League
Master
Matchup
PvT
Spawn Locations
Cross Positions
Add a new tag
Caveats
  • Supply blocks, unpowered buildings, or Contaminate may cause inaccurate times.
  • Supply counts are checked every 10 seconds.